 Dungeon Crawl Stone Soup version 0.18.1-48-g4cf74bf (webtiles) character file.

524 Peloso the Covered (level 7, -4/61 HPs)
             Began as a Minotaur Fighter on Sept 10, 2016.
             Slain by a wasp (9 damage)
             ... on level 4 of the Dungeon.
             The game lasted 00:08:03 (3682 turns).

Peloso the Covered (Minotaur Fighter)               Turns: 3682, Time: 00:08:04

Health: -4/61      AC:  8    Str: 20    XL:     7   Next: 2%
Magic:  6/6        EV:  9    Int:  5    God:
Gold:   208        SH: 10    Dex: 12    Spells: 0 memorised, 6 levels left

rFire  . . .     SeeInvis .     a - +0 long sword
rCold  . . .     Gourm    .     b - +0 scale mail
rNeg   . . .     Faith    .     c - +0 shield
rPois  .         Spirit   .     (helmet restricted)
rElec  .         Dismiss  .     (no cloak)
rCorr  .         Reflect  .     z - +0 pair of gloves
SustAt +         Harm     .     (no boots)
MR     .....                    t - amulet of magic regeneration
Stlth  ..........               (no ring)
                                g - ring of sustain attributes

@: lethally poisoned (-4 -> -7), slowed, very slow, not resistant to hostile
enchantments, extremely unstealthy
A: retaliatory headbutt, horns 2
a: no special abilities


You were on level 4 of the Dungeon.
You were hungry.

You visited 1 branch of the dungeon, and saw 5 of its levels.

You collected 208 gold pieces.

Inventory:

Hand Weapons
 a - a +0 long sword (weapon)
Armour
 b - a +0 scale mail (worn)
 c - a +0 shield (worn)
 z - a +0 pair of gloves (worn)
Jewellery
 g - a ring of sustain attributes (left hand)
 t - an amulet of magic regeneration (around neck)
Scrolls
 e - 4 scrolls of random uselessness {unknown}
 k - 3 scrolls of teleportation {unknown}
 m - a scroll of immolation {unknown}
 n - a scroll of magic mapping {unknown}
 o - a scroll of blinking {unknown}
 q - 2 scrolls of enchant armour {unknown}
 s - 6 scrolls of identify {unknown}
 x - a scroll of noise {unknown}
 y - a scroll of fear {unknown}
Potions
 d - 3 potions of might
 h - a potion of degeneration {unknown}
 j - a potion of brilliance {unknown}
 l - a potion of agility {unknown}
 p - a potion of flight {unknown}
 r - 2 potions of curing {unknown}
 u - a potion of mutation {unknown}
 w - a potion of cure mutation {unknown}
Comestibles
 f - 3 bread rations
 i - a meat ration


   Skills:
 + Level 5.6 Fighting
 + Level 3.9 Long Blades
 + Level 5.7 Armour
 + Level 3.1 Dodging
 + Level 5.4 Shields


You had 6 spell levels left.
You didn't know any spells.

Dungeon Overview and Level Annotations

Branches:
Dungeon (5/15)
 Temple: D:4-7

Altars:

Annotations:
D:5 Gargoyl's ghost, amateur DsAK


Innate Abilities, Weirdness & Mutations

You reflexively headbutt those who attack you in melee.
You have a pair of horns on your head.


Message History

You slash the wasp!
The wasp is severely wounded.
You block the wasp's attack. The iguana closely misses you.
Unknown command.
You barely miss the wasp. You headbutt the wasp.
The wasp is almost dead.
The wasp barely misses you. The wasp stings you.
You feel yourself slow down. The iguana bites you. The wasp stings you.
You are poisoned.
Unknown command.
You closely miss the wasp. You headbutt the wasp.
The wasp is almost dead.
You feel yourself speed up.
You feel sick. The wasp stings you.
You feel yourself slow down. The iguana bites you!
* * * LOW HITPOINT WARNING * * *
The wasp stings you.
* * * LOW HITPOINT WARNING * * *
The iguana barely misses you. The wasp stings you!
You die...

### ###.........#..#
###............#..
###...............#.
###..................#
#.....................
#.....................
#.....................
#...y.................
#....@.............(##
###..l............###
##............###
##.........###
###.....### ##.####
#.## #.# ##.#


You could see a wasp and an iguana.

Vanquished Creatures
  The ghost of Antonin the Insei, an amateur OpTm (D:3)
  A phantom (D:4)
  A scorpion (D:4)
  2 giant frog skeletons (D:4)
  8 gnolls
  5 adders
  An ooze (D:2)
  4 worms
  A dart slug (D:1)
  A giant gecko (D:4)
  3 orcs
  7 bats
  5 giant cockroaches
  9 goblins
  4 hobgoblins
  7 jackals
  A quokka (D:4)
  A ball python (D:2)
  5 giant newts
  10 kobolds
  8 rats
85 creatures vanquished.

Notes
Turn   | Place    | Note
--------------------------------------------------------------
     0 | D:1      | Peloso the Minotaur Fighter began the quest for the Orb.
     0 | D:1      | Reached XP level 1. HP: 19/19 MP: 0/0
   231 | D:1      | Reached XP level 2. HP: 17/27 MP: 1/1
   792 | D:2      | Reached XP level 3. HP: 30/34 MP: 2/2
  1127 | D:2      | Reached XP level 4. HP: 40/41 MP: 3/3
  1294 | D:2      | Reached skill level 1 in Dodging
  1661 | D:3      | Noticed Antonin's ghost (amateur OpTm)
  1791 | D:3      | Killed Antonin's ghost
  1791 | D:3      | Reached skill level 5 in Fighting
  1791 | D:3      | Reached XP level 5. HP: 33/48 MP: 4/4
  2042 | D:3      | Reached skill level 5 in Shields
  2044 | D:3      | Reached XP level 6. HP: 54/56 MP: 5/5
  2753 | D:4      | Reached skill level 5 in Armour
  3233 | D:4      | Reached XP level 7. HP: 55/61 MP: 6/6
  3432 | D:5      | Entered Level 5 of the Dungeon
  3450 | D:5      | Noticed Gargoyl's ghost (amateur DsAK)
  3682 | D:4      | Slain by a wasp

Skill      XL: |  1  2  3  4  5  6 |
---------------+-------------------+-----
Fighting       | 4 5 |  5.6
Shields        | 4 5 |  5.4
Armour         | 4 5 |  5.7
Dodging        | 2 3 |  3.1
Long Blades    | 3 |  3.9

Action                   |  1- 3 |  4- 6 |  7- 9 || total
-------------------------+-------+-------+-------++-------
Melee: Long sword        |    74 |   157 |    15 ||   246
       Headbutt          |    11 |    35 |     2 ||    48
  Eat: Chunk             |     1 |     6 |       ||     7
       Beef jerky        |       |       |     1 ||     1
Armor: Scale mail        |    23 |    49 |    11 ||    83
Dodge: Dodged            |    18 |    58 |    10 ||    86
Block: Shield            |    44 |    75 |    11 ||   130
